 Dungeon Crawl Stone Soup version 0.25-a0-100-g33052ceff8 (webtiles) character file.

Game seed: 5887251663802642648, levelgen mode: deterministic

37894 Ilves the Severer (level 13, -1/119 HPs)
             Began as a Hill Orc Berserker on Nov 13, 2019.
             Was a High Priest of Trog.
             Shot with an arrow by Nessos (18 damage)
             ... on level 14 of the Dungeon on Nov 14, 2019.
             The game lasted 00:44:53 (21278 turns).

Ilves the Severer (Hill Orc Berserker)             Turns: 21278, Time: 00:44:54

Health: -1/119     AC:  9    Str: 21    XL:     13   Next: 99%
Magic:  13/13      EV:  7    Int:  7    God:    Trog [*****.]
Gold:   781        SH: 14    Dex: 16    Spells: 12/12 levels left

rFire    + . .     SeeInvis .   S - +5 war axe
rCold    . . .     Gourm    .   M - +0 shield
rNeg     . . .     Faith    .   K - +1 plate armour {rF+}
rPois    .         Spirit   .   (no helmet)
rElec    .         Reflect  .   n - +0 cloak
rCorr    .         Harm     .   (no gloves)
MR       .....                  o - +2 pair of boots
Stlth    ..........             i - amulet of rage
HPRegen  0.29/turn              F - +2 ring of dexterity
MPRegen  0.13/turn              (no ring)

@: corroded
A: no striking features
a: Berserk, Trog's Hand, Brothers in Arms, Renounce Religion, Evoke Berserk Rage


You were on level 14 of the Dungeon.
You worshipped Trog.
Trog was extremely pleased with you.
You were not hungry.

You visited 2 branches of the dungeon, and saw 15 of its levels.

You collected 938 gold pieces.
You spent 157 gold pieces at shops.

Inventory:

Hand Weapons
 h - a +0 antimagic broad axe
 j - a +1 hand axe of electrocution
 q - a +1 hand axe of flaming
 B - the +10 mace "Sigover" {freeze, -Tele Int-5 SInv Stlth+}
   (You found it on level 7 of the Dungeon)

   It has been specially enchanted to freeze those struck by it, causing extra
   injury to most foes and up to half again as much damage against particularly
   susceptible opponents.
   It can also slow down cold-blooded creatures.
   It affects your intelligence (-5).
   It lets you see invisible.
   It prevents most forms of teleportation.
   It makes you more stealthy.
 I - the +7 trident of Joyful Slaughter {freeze, +Blink rPois Dex-2 Stlth+}
   (You found it on level 9 of the Dungeon)

   It has been specially enchanted to freeze those struck by it, causing extra
   injury to most foes and up to half again as much damage against particularly
   susceptible opponents.
   It can also slow down cold-blooded creatures.
   It affects your dexterity (-2).
   It protects you from poison.
   It lets you blink.
   It makes you more stealthy.
 S - a +5 war axe (weapon)
 T - a +2 broad axe of electrocution
Armour
 n - a +0 cloak (worn)
 o - a +2 pair of boots (worn)
 K - a +1 plate armour of fire resistance (worn)
 M - a +0 shield (worn)
Jewellery
 i - an amulet of rage (around neck)
 r - an uncursed ring of ice
 F - a +2 ring of dexterity (left hand)
 J - a cursed amulet of inaccuracy {unknown}
 N - a +2 ring of dexterity
Wands
 s - a wand of disintegration (29)
 x - a wand of iceblast (6)
 z - a wand of polymorph (23)
 P - a wand of scattershot (3)
Scrolls
 a - 4 scrolls of enchant armour
 b - a scroll of vulnerability
 d - 7 scrolls of remove curse
 e - 4 scrolls of blinking
 f - 3 scrolls of immolation
 k - 7 scrolls of teleportation
 m - a scroll of magic mapping
 p - 2 scrolls of enchant weapon
 u - 3 scrolls of random uselessness
 w - 2 scrolls of amnesia
 y - 3 scrolls of torment {unknown}
 D - a scroll of silence {unknown}
 E - 3 scrolls of brand weapon {unknown}
 G - a scroll of noise {unknown}
 H - a scroll of summoning {unknown}
 O - a scroll of fog {unknown}
 Q - a scroll of fear {unknown}
Potions
 g - 5 potions of curing
 l - 2 potions of resistance {unknown}
 v - a potion of berserk rage
 A - 2 potions of degeneration {unknown}
 C - 2 potions of might {unknown}
 L - 3 potions of haste
 R - a potion of lignification {unknown}
Comestibles
 c - 28 rations
 U - 2 chunks of flesh


   Skills:
 - Level 12.7 Fighting
 - Level 16.3 Axes
 + Level 12.2 Armour
 - Level 1.5 Dodging
 + Level 13.6 Shields


You had 12 spell levels left.
You didn't know any spells.
Your spell library was empty.

Dungeon Overview and Level Annotations

Branches:
Dungeon (14/15)            Temple (1/1) D:4            Lair (0/6) D:8
    Orc (0/2) D:12         Vaults (0/5) D:14

Altars:
Ashenzari
Cheibriados
Dithmenos
Elyvilon
Fedhas
Gozag
Hepliaklqana
Kikubaaqudgha
Makhleb
Nemelex Xobeh
Okawaru
Qazlal
Ru
Sif Muna
Trog
Uskayaw
Vehumet
Wu Jian
Xom
Yredelemnul
Zin
The Shining One

Shops:
D:4 !   D:9 [   D:11 }

Annotations:
D:14 Nessos


Message History

You feel sick.
Nessos blinks!
The acid dragon spits acid at you. The splash of acid hits you.
You are splashed with acid!
* * * LOW HITPOINT WARNING * * *
Nessos wields a +1 longbow of flaming.
It bursts into flame!
Nessos shoots an arrow.
You block the arrow.
Things that are here:
18 arrows; a +0 shortbow Your troll barely misses Nessos.
Your troll claws Nessos!
Your troll claws Nessos.
Items here: ( )) [[ a +0 dagger; a +0 robe; a +0 trident; a +0 scale mail; 3 arrows You feel sick.
Nessos shoots an arrow.
You block the arrow.
Your troll barely misses Nessos.
Your troll closely misses Nessos.
Your troll claws Nessos!!
Nessos shoots an arrow.
The arrow hits you!
* * * LOW HITPOINT WARNING * * *
You are lethally poisoned!
You see here 8 arrows.
You feel better.
Nessos shoots an arrow.
The arrow hits you!!
You die...

..... .# ##### .#.. ..#
....# .#.##..# ###.##
(..... #.#.# .... ##.##
##.## ###(#### #(..#
....(..## #.<.#
.##.#(..## #)@.#
#...(..######)).#####
.#....((.#ยง(.(.(.....##
#...p.....p..(Tc........
..#.......#...........##
###.....(####......####
###...## #.#....# ##.##
#.#....# #.# #.#....#


You could see Nessos and a friendly troll (berserk).

Vanquished Creatures
  Rupert (D:14)
  Azrael (D:12)
  Fannar (D:12)
  Harold (D:8)
  3 centaur warriors
  A catoblepas (D:13)
  5 two-headed ogres
  Urug (D:13)
  A tengu warrior (D:10)
  Nergalle (D:10)
  3 skeletal warriors (D:13)
  An unseen horror (D:13)
  An orc knight (D:14)
  Pikel (D:8)
  3 ugly things
  Maurice (D:8)
  Psyche (D:8)
  A gargoyle (D:10)
  2 kobold demonologists (D:11)
  2 komodo dragons
  2 tengu conjurers (D:11)
  2 trolls
  The ghost of pantherbaby the Skirmisher, an amateur GnAK of Lugonu (D:3)
  Grinder (D:9)
  4 slime creatures
  3 hippogriffs
  A shadow (D:11)
  A wraith (D:12)
  21 yaks
  A fire elemental (D:13)
  7 humans (D:14)
  A basilisk (D:11)
  3 hungry ghosts
  4 vampire mosquitoes (D:12)
  A soldier ant (D:13)
  4 hell hounds
  3 ice beasts
  A water moccasin (D:12)
  7 orc warriors
  7 sky beasts
  4 phantoms
  7 ogres
  19 centaurs
  3 big kobolds (D:11)
  7 bullfrogs
  2 gnoll sergeants (D:9)
  2 scorpions
  13 killer bees
  8 wights (D:13)
  2 howler monkeys
  A bullfrog zombie (D:13)
  3 crimson imps
  6 hounds
  5 centaur zombies
  5 jellies
  Crazy Yiuf (D:7)
  7 orc priests
  3 centaur skeletons
  4 orc wizards
  3 iguanas
  10 worker ants
  8 ogre zombies (D:12)
  A hound skeleton (D:8)
  A worker ant zombie (D:7)
  15 gnolls
  19 adders
  A river rat (D:3)
  5 shadow imps
  An ooze (D:4)
  3 worms
  2 dart slugs
  A leopard gecko (D:3)
  35 orcs
  2 giant cockroaches
  7 hobgoblins
  18 jackals
  5 quokkas
  2 ball pythons
  A ball python zombie (D:5)
  6 bats
  7 frilled lizards
  A giant cockroach zombie (D:5)
  5 goblins
  2 goblin skeletons (D:12)
  4 goblin zombies (D:12)
  A hobgoblin skeleton (D:12)
  4 hobgoblin zombies (D:12)
  A jackal skeleton (D:4)
  13 kobolds
  2 leopard gecko skeletons (D:4)
  An orc skeleton (D:12)
  13 orc zombies (D:12)
  10 rats
  A plant (D:11)
420 creatures vanquished.

Vanquished Creatures (collateral kills)
  Jorgrun (D:13)
  A centaur warrior (D:13)
  A skeletal warrior (D:13)
3 creatures vanquished.

Vanquished Creatures (others)
  A killer bee (D:13)
  A quasit (D:8)
  3 orcs
  A giant cockroach (D:2)
  A quokka (D:8)
  A kobold (D:2)
  A plant (D:8)
9 creatures vanquished.

Grand Total: 432 creatures vanquished

Notes
Turn   | Place    | Note
-------+----------+-------------------------------------------
     0 | D:1      | Ilves the Hill Orc Berserker began the quest for the Orb.
     0 | D:1      | Reached XP level 1. HP: 19/19 MP: 1/1
   540 | D:1      | Reached XP level 2. HP: 27/27 MP: 2/2
   851 | D:1      | Reached XP level 3. HP: 27/34 MP: 3/3
  1278 | D:2      | Found a snail-covered altar of Cheibriados.
  1289 | D:2      | Reached skill level 5 in Axes
  1516 | D:2      | Reached ** piety under Trog
  1897 | D:2      | Reached XP level 4. HP: 34/41 MP: 4/4
  2153 | D:2      | Found a sacrificial altar of Ru.
  2220 | D:2      | Found a white marble altar of Elyvilon.
  2494 | D:3      | Reached skill level 5 in Fighting
  2710 | D:3      | Reached skill level 6 in Axes
  2734 | D:3      | Noticed a phantom
  3337 | D:3      | Found a runed translucent door.
  3337 | D:3      | Noticed a bullfrog
  3338 | D:3      | Noticed pantherbaby's ghost (amateur GnAK)
  3354 | D:3      | Killed a bullfrog
  3354 | D:3      | Reached XP level 5. HP: 35/48 MP: 5/5
  3392 | D:3      | Killed pantherbaby's ghost
  3392 | D:3      | Reached skill level 8 in Axes
  3392 | D:3      | Reached skill level 1 in Shields
  3392 | D:3      | Reached XP level 6. HP: 9/57 MP: 6/6
  3415 | D:3      | Found a runed translucent door.
  3716 | D:3      | Found a faded altar of an unknown god.
  3732 | D:3      | Reached XP level 7. HP: 63/63 MP: 7/7
  3797 | D:3      | Found a bloodstained altar of Trog.
  4074 | D:4      | Found a staircase to the Ecumenical Temple.
  4090 | Temple   | Entered the Ecumenical Temple
  4441 | D:4      | Found Aruon's Distillery.
  4456 | D:4      | Reached *** piety under Trog
  4510 | D:4      | Found a glowing silver altar of Zin.
  4530 | D:4      | Reached skill level 9 in Axes
  5196 | D:5      | Entered Level 5 of the Dungeon
  5665 | D:5      | Reached XP level 8. HP: 68/71 MP: 8/8
  5695 | D:5      | Reached skill level 10 in Axes
  6120 | D:5      | Got a steaming leather armour
  6538 | D:6      | Noticed Grinder
  6629 | D:6      | Identified the +2 leather armour "Xauvec" {MP+9} (You found
                  | it on level 5 of the Dungeon)
  6641 | D:6      | Upgraded the game from 0.25-a0-98-g0cf78c2f83 to
                  | 0.25-a0-100-g33052ceff8
  6674 | D:7      | Reached **** piety under Trog
  6716 | D:7      | Reached skill level 11 in Axes
  6804 | D:7      | Found a blossoming altar of Fedhas.
  6804 | D:7      | Found a radiant altar of Vehumet.
  6805 | D:7      | Found a hazy altar of Hepliaklqana.
  7114 | D:7      | Reached XP level 9. HP: 75/81 MP: 9/9
  7323 | D:7      | Found a radiant altar of Vehumet.
  7578 | D:7      | Reached skill level 12 in Axes
  7707 | D:7      | Found a runed translucent door.
  7708 | D:7      | Noticed Crazy Yiuf
  7717 | D:7      | Killed Crazy Yiuf
  7723 | D:7      | Got a crystal mace
  7853 | D:7      | Identified the +10 mace "Sigover" {freeze, -Tele Int-5 SInv
                  | Stlth+} (You found it on level 7 of the Dungeon)
  7893 | D:8      | Noticed Maurice
  7907 | D:8      | Killed Maurice
  8192 | D:8      | Noticed Psyche
  8220 | D:8      | Killed Psyche
  8220 | D:8      | Reached skill level 13 in Axes
  8451 | D:8      | Noticed Pikel
  8460 | D:8      | Killed Pikel
  8585 | D:8      | Reached skill level 5 in Shields
  8585 | D:8      | Reached XP level 10. HP: 60/91 MP: 10/10
  8978 | D:8      | Reached skill level 14 in Axes
  8981 | D:8      | Found a staircase to the Lair.
  9020 | D:8      | Reached skill level 10 in Fighting
  9323 | D:8      | Found a sacrificial altar of Ru.
  9353 | D:8      | Noticed Harold
  9609 | D:8      | Killed Harold
 10493 | D:9      | Got a bloodstained trident
 10513 | D:9      | Killed Grinder
 10523 | D:9      | Found a sparkling altar of Nemelex Xobeh.
 10595 | D:9      | Reached skill level 15 in Axes
 10597 | D:9      | Reached ***** piety under Trog
 11218 | D:9      | Reached XP level 11. HP: 69/102 MP: 11/11
 11738 | D:9      | Found Boxzuwe's Antique Armour Boutique.
 11751 | D:9      | Bought a runed cloak for 157 gold pieces
 11998 | D:9      | Identified the +7 trident of Joyful Slaughter {freeze,
                  | +Blink rPois Dex-2 Stlth+} (You found it on level 9 of the
                  | Dungeon)
 12050 | D:10     | Entered Level 10 of the Dungeon
 12416 | D:10     | Found an opulent altar of Gozag.
 12519 | D:10     | Noticed a white ugly thing
 12533 | D:10     | Killed a white ugly thing
 12533 | D:10     | Received a gift from Trog
 12887 | D:10     | Noticed Nergalle
 12906 | D:10     | Killed Nergalle
 13483 | D:11     | Reached skill level 16 in Axes
 13940 | D:11     | Noticed a two-headed ogre
 13953 | D:11     | Killed a two-headed ogre
 14554 | D:11     | Noticed a two-headed ogre
 14555 | D:11     | Noticed a tengu warrior
 14594 | D:10     | Killed a two-headed ogre
 14811 | D:10     | Killed a tengu warrior
 14811 | D:10     | Reached XP level 12. HP: 75/113 MP: 4/12
 14968 | D:11     | Reached skill level 5 in Armour
 15108 | D:11     | Found Imoikhe's Gadget Emporium.
 15244 | D:11     | Noticed a soul eater
 15548 | D:11     | You fall into a shaft and drop 1 floor!
 16012 | D:12     | Reached skill level 10 in Shields
 16401 | D:12     | Found a staircase to the Orcish Mines.
 16634 | D:12     | Noticed Fannar
 16644 | D:12     | Received a gift from Trog
 16648 | D:12     | Killed Fannar
 16951 | D:13     | Noticed a two-headed ogre
 16960 | D:13     | Noticed Azrael
 16965 | D:13     | Killed a two-headed ogre
 17321 | D:12     | Killed Azrael
 17528 | D:13     | Noticed Urug
 17724 | D:13     | Killed Urug
 17724 | D:13     | Reached XP level 13. HP: 119/119 MP: 4/13
 18070 | D:13     | Noticed Jorgrun
 18264 | D:13     | Killed Jorgrun
 18264 | D:13     | Reached skill level 10 in Armour
 20602 | D:13     | Received a gift from Trog
 20830 | D:14     | Noticed Rupert
 20859 | D:14     | Killed Rupert
 20863 | D:14     | Found a gate to the Vaults.
 20863 | D:14     | Noticed Nessos
 21278 | D:14     | Shot with an arrow by Nessos

Levels and vault maps discovered:
D:1:      sevenhm_arrival_forest_fort_large_2, layout_rooms
D:2:      layout_basic, overflow_temple_1_default,
          nicolae_overflow_hidden_temple, elyvilon_altar_4
D:3:      layout_loops_ring, lemuel_coloured_pillars_altar, first_ration,
          chequers_ecumenical_altar_simple, ebering_ghost_sewer_f
D:4:      layout_basic, zin_scriptorium, minmay_temple_entry_large_hall,
          serial_shops, shop, hangedman_decor_opposing, grunt_ministairs_13
D:5:      layout_loops_ring
D:6:      layout_rooms, minmay_holes, palyth_stone_intersect,
          minmay_misc_feat_encased, uniq_grinder
D:7:      layout_basic, gammafunk_temple_overflow_claw, basic_altar,
          uniq_crazy_yiuf_cottage
D:8:      layout_cave_pools, david_lair_shrubbed, nicolae_ru_path_of_blood,
          uniq_pikel, uniq_psyche, uniq_maurice, uniq_harold
D:9:      kennysheep_ambush_hall, layout_basic, lemuel_crystal_altar,
          serial_shops, nicolae_shop_waterfront
D:10:     layout_gridville, basic_altar, uniq_nergalle
D:11:     wander_river, layout_irregular_city, serial_shops, nicolae_shop_trees,
          grunt_tengu_nest
D:12:     layout_cave_pools, zombieorc2_lemuel, uniq_fannar
D:13:     layout_basic, uniq_jorgrun, uniq_azrael, uniq_urug
D:14:     layout_loops_cross, david_vaults_3
Temple:   nicolae_temple_god_jail

Skill      XL: |  1  2  3  4  5  6  7  8  9 10 11 12 13 |
---------------+----------------------------------------+-----
Fighting       | 4 5 6 8 9 11 12 | 12.7
Axes           | 5 6 8 9 11 13 15 16 | 16.3
Shields        | 1 3 5 6 9 11 13 | 13.6
Armour         | 4 9 12 | 12.2
Dodging        | |  1.5

Action                   |  1- 3 |  4- 6 |  7- 9 | 10-12 | 13-15 || total
-------------------------+-------+-------+-------+-------+-------++-------
Melee: Hand axe          |   108 |   119 |   203 |   309 |       ||   739
       War axe           |       |    56 |   148 |       |   125 ||   329
       Mace              |       |       |     5 |       |       ||     5
       Broad axe         |       |       |       |   474 |   205 ||   679
Invok: Berserk           |       |     1 |     4 |    13 |     5 ||    23
       Brothers in Arms  |       |       |       |       |     3 ||     3
  Use: Potion            |       |     4 |       |       |     2 ||     6
       Scroll            |       |       |       |    12 |     2 ||    14
  Eat: Chunk             |     3 |     7 |    17 |    38 |    12 ||    77
       Ration            |       |       |     1 |     2 |     2 ||     5
Armor: Animal skin       |    32 |       |       |       |       ||    32
       Ring mail         |     6 |    73 |   104 |    59 |       ||   242
       Skin              |       |       |     5 |       |       ||     5
       Plate armour      |       |       |       |   306 |   129 ||   435
Dodge: Dodged            |    67 |   101 |   133 |   206 |    53 ||   560
Block: Buckler           |       |    18 |    54 |    91 |       ||   163
       Shield            |       |       |       |   256 |   198 ||   454

Table legend:
 A = Non-vault XP
 B = Vault XP
 C = Vault XP percentage of total XP
 D = Non-vault monster count
 E = Vault monster count
 F = Vault count percentage of total count
                 A         B        C        D         E       F
            +---------+---------+-------+---------+---------+-------
      Total |   37877 |   16258 |  30.0 |     347 |      76 |  18.0
            +---------+---------+-------+---------+---------+-------
        D:1 |      35 |       0 |   0.0 |      24 |       0 |   0.0
        D:2 |      59 |       0 |   0.0 |      19 |       0 |   0.0
        D:3 |     164 |     415 |  71.7 |      21 |       6 |  22.2
        D:4 |     218 |       1 |   0.5 |      27 |       1 |   3.6
        D:5 |     425 |       0 |   0.0 |      21 |       0 |   0.0
        D:6 |     142 |       0 |   0.0 |       9 |       0 |   0.0
        D:7 |    1029 |      41 |   3.8 |      15 |       1 |   6.2
        D:8 |    1577 |    2798 |  64.0 |      20 |       5 |  20.0
        D:9 |    2429 |     640 |  20.9 |      33 |       7 |  17.5
       D:10 |    5049 |     800 |  13.7 |      25 |       1 |   3.8
       D:11 |    5319 |     304 |   5.4 |      36 |       1 |   2.7
       D:12 |    3757 |    3046 |  44.8 |      26 |      39 |  60.0
       D:13 |   14579 |    3351 |  18.7 |      57 |       6 |   9.5
       D:14 |    3095 |    4862 |  61.1 |      14 |       9 |  39.1
            +---------+---------+-------+---------+---------+-------
